 Dungeon Sprint DCSS version 0.31-a0-210-gccc998df9b (webtiles) character file.

Game seed: 15740229177413741619

1088 Hubris850 the Martial Artist (level 8, -3/57 HPs)
             Began as an Octopode Transmuter on June 29, 2023.
             Was a High Priest of Makhleb.
             Slain by a wolf (15 damage)
             ... in the Dungeon (Sprint V: "Ziggurat Sprint").
             The game lasted 00:04:28 (308 turns).

Hubris850 the Martial Artist (Octopode Transmuter)   Turns: 308, Time: 00:04:28

Health: -3/57      AC: 10    Str: 27    XL:     8   Next: 30%
Magic:  15/19      EV: 10    Int: 29    God:    Makhleb [*****.]
Gold:   0          SH:  0    Dex: 16    Spells: 17/22 levels left

rFire   x .          .
                       - Unarmed
rCold   + + +        B - melded +3 buckler
rNeg    + + .        (helmet currently unavailable)
rPois   +            (no amulet)
rElec   +            t - ring of flight
rCorr   .            K - ring of the Hungering Genius {rC+ rN+ Str+5 Stlth+}
SInv    .            v - +6 ring of dexterity
Will    .....        w - +6 ring of intelligence
Stlth   ++           x - +6 ring of intelligence
HPRegen 0.29/turn    y - +6 ring of strength
MPRegen 0.16/turn    z - +6 ring of strength
                     k - ring of Fallacy {rElec rPois rN+ Dex-2 Slay+3}

%: no teleportation
@: ice-form, flying
A: freezing attack, boosted hp, almost no armour, amphibious, 8 rings, large,
(camouflage 1), (gelatinous body 1), (nimble swimmer 1), (tentacles)
a: End Transformation, Renounce Religion, Minor Destruction, Lesser Servant of
Makhleb, Major Destruction, Greater Servant of Makhleb


You were in the Dungeon.
You worshipped Makhleb.
Makhleb was extremely pleased with you.
You were a creature of crystalline ice.
You visited 1 branch

Inventory:

Hand Weapons
 E - the +6 Majin-Bo {spellvamp, MP+6 Int+6}
   (You found it in the Dungeon)

   Int:       It affects your intelligence (+6).
   MP:        It affects your magic capacity (+6).
 F - the +16 obsidian axe {drain, demonic, Mesm Drain Fly SInv}
   (You found it in the Dungeon)

   Mesm:      Its wielder is mesmerised by any visible foes, and it cannot be
   unequipped while any foes are visible.
   SInv:      It lets you see invisible.
   Fly:       It grants you flight.
   Drain:     It drains your maximum health when unequipped.
 G - the +11 Singing Sword {sonic wave}
   (You found it in the Dungeon)
 H - the +8 lance "Wyrmbane" {slay drac, rPois rF+ rC+ AC+3}
   (You found it in the Dungeon)

   AC:        It affects your AC (+3).
   rF:        It protects you from fire.
   rC:        It protects you from cold.
   rPois:     It protects you from poison.
 I - the +8 storm bow {elec, penet}
   (You found it in the Dungeon)
 L - a +2 demon whip of venom
Armour
 B - a +3 buckler (melded)
 C - a +3 kite shield
 D - a +3 tower shield
Jewellery
 k - the ring of Fallacy (on tentacle) {rElec rPois rN+ Dex-2 Slay+3}
   (You found it in the Dungeon)

   [ring of positive energy]

   Dex:       It affects your dexterity (-2).
   Slay:      It affects your accuracy & damage with ranged weapons and melee
   (+3).
   rElec:     It insulates you from electricity.
   rPois:     It protects you from poison.
   rN:        It protects you from negative energy.
 t - a ring of flight (left front paw)
 u - a +6 ring of dexterity
 v - a +6 ring of dexterity (on tentacle)
 w - a +6 ring of intelligence (on tentacle)
 x - a +6 ring of intelligence (on tentacle)
 y - a +6 ring of strength (on tentacle)
 z - a +6 ring of strength (on tentacle)
 K - the ring of the Hungering Genius (right front paw) {rC+ rN+ Str+5 Stlth+}
   (You found it in the Dungeon)

   [ring of protection from cold]

   Str:       It affects your strength (+5).
   rC:        It protects you from cold.
   rN:        It protects you from negative energy.
   Stlth:     It makes you more stealthy.
 M - a ring of ice
Wands
 q - a wand of mindburst (7)
 r - a wand of iceblast (15)
 s - a wand of quicksilver (7)
 N - a wand of polymorph (5)
Scrolls
 g - 4 scrolls of blinking
 m - 4 scrolls of amnesia
 n - 7 scrolls of fog
 o - 5 scrolls of identify
 p - 2 scrolls of fear
 J - 2 scrolls of brand weapon
Potions
 a - a potion of lignification
 b - 10 potions of curing
 c - 10 potions of heal wounds
 d - 6 potions of haste
 e - 7 potions of magic
 f - 3 potions of berserk rage
 h - 2 potions of brilliance
 i - 2 potions of invisibility
 j - 4 potions of resistance
 l - 5 potions of might
Miscellaneous
 A - a lightning rod (4/4)


   Skills:
 - Level 1.0 Fighting
 - Level 2.0 Dodging
 + Level 11.5 Unarmed Combat
 + Level 7.8 Spellcasting
 + Level 8.5 Transmutations
 + Level 8.1 Ice Magic


You had 17 spell levels left.
You knew the following spells:

 Your Spells              Type           Power      Damage    Failure   Level
a - Beastly Appendage     Tmut           100%       N/A       1%          1
b - Ice Form              Ice/Tmut       56%        N/A       1%          4

Your spell library contained the following spells:

 Spells                   Type           Power      Damage    Failure   Level
 Wereblood                Tmut           57%        N/A       1%          2
 Spider Form              Tmut/Pois      36%        N/A       2%          3
 Olgreb's Toxic Radiance  Pois           11%        N/A       43%         4
 Discord                  Hex            5%         N/A       100%        8
 Ignition                 Fire           5%         3d4       100%        8


Dungeon Overview and Level Annotations

Branches:
Dungeon (1/1)

Altars:
Ashenzari
Cheibriados
Dithmenos
Elyvilon
Fedhas
Gozag
Hepliaklqana
Kikubaaqudgha
Makhleb
Nemelex Xobeh
Okawaru
Qazlal
Ru
Sif Muna
Trog
Uskayaw
Vehumet
Wu Jian
Xom
Yredelemnul
Zin
The Shining One
Jiyva
Lugonu

Annotations:
D 1 transporter


Innate Abilities, Weirdness & Mutations

You are a creature of crystalline ice.
You have a powerful freezing melee attack.
Your maximum health is increased.
Your armour is entirely melded.
You are incapable of wielding weapons or throwing items.
You cannot wear most types of armour.
You are amphibious.
You can wear up to eight rings at the same time.
((Your skin changes colour to match your surroundings (Stealth+).))
((Your rubbery body absorbs attacks. (AC +1, EV +1)))
((You are camouflaged when in or above water. (Stealth+)))
((You have tentacles for arms and can constrict up to eight enemies at once.))


Message History

The wolf howls!
The spriggan druid shouts!
You punch the spriggan druid! You freeze the spriggan druid.
The spriggan druid is moderately wounded.
The wolf bites you but does no damage. The wolf bites you.
You hit the spriggan druid but do no damage.
The spriggan druid is moderately wounded.
The spriggan druid hits you but does no damage.
You hit the spriggan druid. You freeze the spriggan druid.
The spriggan druid is heavily wounded.
The wolf bites you!
The black bear bites you but does no damage.
The black bear closely misses you. The black bear barely misses you.
The spriggan druid calls out to the beasts of the wild!
The spriggan druid hits you but does no damage.
The wolf bites you. The wolf closely misses you.
You pummel the spriggan druid!! You freeze the spriggan druid!
With its final breath, the spriggan druid offers up its power to the beasts of the wild!
The black bear seems to grow more fierce.
The wolf seems to grow more fierce.
The black bear seems to grow more fierce.
The wolf seems to grow more fierce.
You kill the spriggan druid!
Makhleb accepts your kill.
You can now summon a greater servant of Makhleb.
The wolf bites you.
The black bear bites you but does no damage.
The black bear claws you.
The black bear claws you but does no damage.
The wolf bites you. The black bear bites you!
* * * LOW HITPOINT WARNING * * *
The black bear closely misses you. x2
Your Unarmed Combat skill increases to level 11!
Your Spellcasting skill increases to level 7!
Your Transmutations skill increases to level 8!
Your Ice Magic skill gained 2 levels and is now at level 8!
You have reached level 8!
You punch the black bear! You freeze the black bear.
The black bear is heavily wounded.
The wolf barely misses you. The wolf bites you!
You die...

▓...©....▓...©....▓
▓▓▓▓▓▓▓▓▓▓▓▓▓▓▓▓▓▓▓
▓..8©8..▓ ▓..|"/..▓
▓..)[/..▓ ▓.......▓
▓...i...▓ ▓..h)h..▓
▓..hYh..▓ ▓.▓...▓.▓
▓...©...▓ ▓▓▓▓▓▓▓▓▓


You could see a spriggan druid, 2 black bears and 2 wolves.

Vanquished Creatures
  A spriggan druid (D)
  A slime creature (D)
  A floating eye (D)
  A bullfrog (D)
  3 scorpions (D)
  A jelly (D)
  2 mummies (D)
  A river rat (D)
  An adder zombie (D)
  A bat zombie (D)
  3 endoplasms (D)
  3 jackals (D)
19 creatures vanquished.

Notes
Turn   | Place    | Note
-------+----------+-------------------------------------------
     0 | D        | Hubris850 the Octopode Transmuter began the quest for the
                  | Orb.
     0 | D        | Reached XP level 1. HP: 13/13 MP: 3/3
     0 | D        | Found a shimmering blue altar of Sif Muna.
     0 | D        | Found a sacrificial altar of Ru.
     0 | D        | Found a bloodstained altar of Trog.
     0 | D        | Found a stormy altar of Qazlal.
     0 | D        | Found an iron altar of Okawaru.
     0 | D        | Found a sparkling altar of Nemelex Xobeh.
     0 | D        | Found a blossoming altar of Fedhas.
     0 | D        | Found the +6 Majin-Bo {spellvamp, MP+6 Int+6}
     0 | D        | Found the +27 heavy crossbow "Sniper" {heavy, Acc+∞ SInv}
     0 | D        | Found the +10 dark maul {heavy}
     0 | D        | Found the +15 Maxwell's patent armour {-Cast -Tele rElec
                  | Will+ rCorr}
     0 | D        | Found the +18 shield of the Gong {Loud rN+ Will+ rCorr
                  | EV-5}
     0 | D        | Found the +16 obsidian axe {drain, demonic, Mesm Drain Fly
                  | SInv}
     0 | D        | Found the +7 great mace "Firestarter" {flame, immolate,
                  | rFlCloud rF++}
     0 | D        | Found the +6 shillelagh "Devastator" {shatter}
     0 | D        | Found the +11 plutonium sword {Contam Stlth-}
     0 | D        | Found the +8 lance "Wyrmbane" {slay drac, rPois rF+ rC+
                  | AC+3}
     0 | D        | Found the +9 sword of Zonguldrok {reap}
     0 | D        | Found the +13 scythe of Curses {drain, curses, Drain}
     0 | D        | Found the +9 sword of Power {lifebolt}
     0 | D        | Found the +7 mace of Variability {chaos, chaos arc}
     0 | D        | Found the +11 Singing Sword {sonic wave}
     0 | D        | Found the +8 storm bow {elec, penet}
     2 | D        | Found a transporter.
     2 | D        | Found an ancient bone altar of Kikubaaqudgha.
     2 | D        | Found a viscous altar of Jiyva.
     2 | D        | Found a corrupted altar of Lugonu.
     2 | D        | Found a hazy altar of Hepliaklqana.
     2 | D        | Found a burning altar of Makhleb.
     2 | D        | Found an opulent altar of Gozag.
    61 | D        | Became a worshipper of Makhleb the Destroyer
    62 | D        | Reached skill level 8 in Unarmed Combat
    62 | D        | Reached XP level 2. HP: 18/18 MP: 5/5
    70 | D        | Entered arena 2.
    70 | D        | Found a transporter.
    76 | D        | Got the ring of Fallacy {rElec rPois rN+ Dex-2 Slay+3}
    80 | D        | Entered arena 3.
    80 | D        | Noticed a scorpion
    80 | D        | Noticed a scorpion
    80 | D        | Noticed a scorpion
    80 | D        | Found a transporter.
    83 | D        | Killed a scorpion
    83 | D        | Reached * piety under Makhleb
    84 | D        | Reached XP level 3. HP: 23/23 MP: 5/7
    84 | D        | Reached XP level 4. HP: 28/28 MP: 5/8
    88 | D        | Killed a scorpion
    89 | D        | Reached skill level 9 in Unarmed Combat
    89 | D        | Reached XP level 5. HP: 21/33 MP: 5/11
    91 | D        | Reached skill level 5 in Transmutations
   199 | D        | Learned a level 4 spell: Ice Form
   199 | D        | Entered arena 4.
   199 | D        | Noticed a slime creature
   199 | D        | Noticed a floating eye
   199 | D        | Found a transporter.
   201 | D        | Reached ** piety under Makhleb
   201 | D        | Killed a floating eye
   202 | D        | Reached skill level 5 in Spellcasting
   202 | D        | Reached skill level 5 in Ice Magic
   202 | D        | Reached XP level 6. HP: 38/38 MP: 12/14
   204 | D        | Reached skill level 10 in Unarmed Combat
   205 | D        | Killed a slime creature
   206 | D        | Reached XP level 7. HP: 28/43 MP: 12/16
   213 | D        | Got the ring of the Hungering Genius {rC+ rN+ Str+5 Stlth+}
   260 | D        | Entered arena 5.
   260 | D        | Found a transporter.
   265 | D        | Reached *** piety under Makhleb
   282 | D        | Entered arena 6.
   282 | D        | Found a transporter.
   284 | D        | Reached **** piety under Makhleb
   301 | D        | Entered arena 7.
   301 | D        | Noticed a spriggan druid
   301 | D        | Noticed a spriggan druid
   302 | D        | Found a transporter.
   307 | D        | Killed a spriggan druid
   307 | D        | Reached ***** piety under Makhleb
   308 | D        | Reached skill level 11 in Unarmed Combat
   308 | D        | Reached XP level 8. HP: 11/48 MP: 15/19
   308 | D        | Slain by a wolf

Illustrated notes

Levels and vault maps discovered:
D:        sprint_v [room_start, room_1, room_2, room_3, room_4, room_5, room_6,
          room_7, room_8, room_9, room_10, room_11, room_12, room_13, room_14,
          room_15, room_16, room_17, room_18, room_19, room_20, room_21,
          room_22, room_23, room_24, room_25, room_26, room_27]

Skill      XL: |  1  2  3  4  5  6  7 |
---------------+----------------------+-----
Unarmed Combat | 8 9 10 11 | 11.5
Spellcasting   | 3 4 5 6 7 |  7.8
Transmutations | 3 4 5 6 8 |  8.5
Ice Magic      | 2 3 5 6 8 |  8.1
Fighting       | |  1.0
Dodging        | |  2.0

Action                     |  1- 3 |  4- 6 |  7- 9 || total
---------------------------+-------+-------+-------++-------
  Melee: Double sword      |     3 |     9 |     6 ||    18
         Tentacles         |     1 |     1 |     2 ||     4
         Constrict         |       |     2 |     3 ||     5
         Unarmed           |       |       |    11 ||    11
   Cast: Ice Form          |       |       |     1 ||     1
    Use: Potion            |     1 |       |       ||     1
   Stab: Sleeping          |     2 |       |       ||     2
 Armour: Skin              |       |       |    11 ||    11
  Dodge: Dodged            |       |     4 |    26 ||    30
  Block: Buckler           |       |     4 |     7 ||    11

Table legend: (Time is in decaauts)
 A = Elapsed time spent in this place.
 B = Non-inter-level travel time spent in this place.
 C = Inter-level travel time spent in this place.
 D = Time resting spent in this place.
 E = Time spent auto-exploring this place.
 F = Levels seen in this place.
 G = Mean time per level.
                   A        B        C        D        E       F      G
               +--------+--------+--------+--------+--------+-----+--------+
         Total |    309 |    309 |      0 |    135 |      0 |   1 |  309.0 |
       Dungeon |    309 |    309 |      0 |    135 |      0 |   1 |  309.0 |
               +--------+--------+--------+--------+--------+-----+--------+

Top non-repeatable levels by time:
       D: 309 daAuts
